 Dungeon Crawl Stone Soup version bcrawl-1.28.1b (webtiles) character file.

Game seed: 11898120595657646511

299725 Adamkad1 the Geomancer (level 11, -6/79 HPs)
             Began as a Sand Dwarf Earth Elementalist on Dec 17, 2020.
             Was an Initiate of Sif Muna.
             Mangled by a minotaur (27 damage)
             ... on level 10 of the Dungeon.
             The game lasted 00:22:01 (10667 turns).

Adamkad1 the Geomancer (SDEE)                      Turns: 10667, Time: 00:22:01

Health: -6/79      AC: 15    Str: 13    XL:     11   Next: 17%
Magic:  7/24       EV: 12    Int: 19    God:    Sif Muna [......]
Gold:   786        SH:  7    Dex: 11    Spells: 15/28 levels left

rFire    . . .     SeeInvis .   n - +1 falchion (elec)
rCold    . . .     Gourm    .   (shield restricted)
rNeg     . . .     Faith    .   x - +0 scale mail
rPois    .         Spirit   .   C - +2 helmet
rElec    .         Reflect  +   H - +0 cloak
rCorr    .         Harm     .   y - +0 pair of gloves (curse)
MR       +....                  h - +0 pair of boots
Stlth    ..........             F - +6 amulet of reflection
HPRegen  0.23/turn              (no ring)
MPRegen  0.19/turn              (no ring)

@: slow
A: small, slowness 1, armour attunement
a: Divine Energy, Renounce Religion


You were on level 10 of the Dungeon.
You worshipped Sif Muna.
Sif Muna was noncommittal.
You were not hungry.

You visited 2 branches of the dungeon, and saw 11 of its levels.

You collected 786 gold pieces.

Inventory:

Hand Weapons
 f - a +0 dagger
 n - a +1 falchion of electrocution (weapon)
Missiles
 b - 1255 stones (quivered)
 A - 186 poisoned tomahawks
Armour
 c - a +0 robe
 h - a +0 pair of boots (worn)
 x - a +0 scale mail (worn)
 y - a cursed +0 pair of gloves (worn)
 C - a +2 helmet (worn)
 H - a +0 cloak (worn)
 I - a scarf of stasis
Jewellery
 F - a +6 amulet of reflection (around neck)
Wands
 p - a wand of polymorph (20)
 D - a wand of enslavement (11)
 L - a wand of random effects (9)
Scrolls
 d - 3 scrolls of immolation {unknown}
 j - 7 scrolls of teleportation
 k - 2 scrolls of enchant armour {unknown}
 l - 2 scrolls of enchant weapon {unknown}
 o - 5 scrolls of magic mapping {unknown}
 q - 2 scrolls of blinking {unknown}
 r - 7 scrolls of identify
 s - 2 scrolls of amnesia {unknown}
 v - a scroll of noise {unknown}
 w - 4 scrolls of remove curse {unknown}
 z - 2 scrolls of fog {unknown}
 E - 2 scrolls of silence {unknown}
 G - a scroll of brand weapon {unknown}
Potions
 a - 2 potions of heal wounds {unknown}
 g - 2 potions of agility {unknown}
 i - 3 potions of haste {unknown}
 m - a potion of flight {unknown}
 t - a potion of might {unknown}
 u - a potion of magic {unknown}
 B - 2 potions of berserk rage {unknown}
 J - a potion of curing {unknown}
 K - 2 potions of degeneration {unknown}
 M - a potion of brilliance {unknown}
 N - a potion of cancellation {unknown}
Comestibles
 e - 19 rations {!d}


   Skills:
 - Level 1.9 Fighting
 - Level 0.3(3.0) Short Blades
 + Level 4.8 Long Blades
 + Level 7.1 Armour
 - Level 3.2 Dodging
 - Level 1.9 Stealth
 * Level 9.3 Spellcasting
 - Level 0.7 Transmutations
 * Level 12.1 Earth Magic


You had 15 spell levels left.
You knew the following spells:

 Your Spells              Type           Power        Failure   Level  Hunger
a - Sandblast             Erth           ######       1%          1    None
b - Stone Arrow           Conj/Erth      ####..       1%          3    None
c - Petrify               Tmut/Erth      ####......   5%          4    ##.....
d - Lee's Rapid Deconstr  Erth           ######....   1%          5    ####...

Your spell library contained the following spells:

 Spells                   Type           Power        Failure   Level  Hunger
 Passwall                 Tmut/Erth      ####....     1%          2    None
 Flame Tongue             Conj/Fire      #....        9%          1    None
 Flaming Arrows           Chrm/Fire      #.......     12%         2    None
 Call Canine Familiar     Summ           #.......     24%         3    None
 Conjure Flame            Conj/Fire      #.......     24%         3    None
 Inner Flame              Hex/Fire       N/A          24%         3    None
 Sticky Flame             Conj/Fire      #.......     63%         4    ##.....
 Summon Ice Beast         Ice/Summ       #.......     63%         4    ##.....
 Fireball                 Conj/Fire      #.........   92%         5    ####...
 Summon Mana Viper        Hex/Summ       #.......     92%         5    ####...
 Summon Hydra             Summ           #.........   100%        6    ######.
 Monstrous Menagerie      Summ           #.........   100%        7    #######


Dungeon Overview and Level Annotations

Branches:
Dungeon (10/12)            Temple (1/1) D:5            Lair (0/6) D:8
    Orc (0/1) D:10

Altars:
Ashenzari
Cheibriados
Dithmenos
Elyvilon
Fedhas
Gozag
Hepliaklqana
Kikubaaqudgha
Lugonu
Makhleb
Nemelex Xobeh
Okawaru
Qazlal
Ru
Sif Muna
Trog
Uskayaw
Vehumet
Wu Jian
Xom
Yredelemnul
Zin
The Shining One

Shops:
D:6 *   D:8 ?

Annotations:
D:4 3 runed translucent doors, LostNumber's ghost, amateur DsAc


Innate Abilities, Weirdness & Mutations

You are small and have problems with some larger weapons.
You cover ground slowly.
Armour does not affect your spellcasting.


Message History

The minotaur is heavily wounded.
The minotaur hits you!! The minotaur gores you.
Casting: Stone Arrow (safe; 1% risk of failure)
Confirm with . or Enter, or press ? or * to list all spells.
Aiming: Stone Arrow (safe; 1% risk of failure)
Press: ? - help, Shift-Dir - straight line, f/p - minotaur
Aim: a minotaur (heavily wounded)
The stone arrow hits the minotaur!
The minotaur is heavily wounded.
You block the minotaur's attack. The minotaur gores you!
* * * LOW HITPOINT WARNING * * *
Casting: Stone Arrow (safe; 1% risk of failure)
Confirm with . or Enter, or press ? or * to list all spells.
Aiming: Stone Arrow (safe; 1% risk of failure)
Press: ? - help, Shift-Dir - straight line, f/p - minotaur
Aim: a minotaur (heavily wounded)
The stone arrow hits the minotaur!
The minotaur is severely wounded.
The minotaur hits you!!
You die...

######....# ... ##.†.# ..$
##..###### ... #......... ...
###.#..##### ... #####.....##
. ... #.....##..## .. ###
#.######...### ##... ####.#
#.#@Hs###...# ####....#
#.###.#...# #.
#....#########.>##...# # #.
#...........###.#....# #.#
#.. #############
#.#.#.s##...# .. #)#.##...:#
#####...##.!..#
###########......#...##....
.............................


You could see a minotaur and a scorpion.

Vanquished Creatures
  An ogre mage (D:10)
  A death yak (D:8)
  An ugly thing (D:10)
  Maurice (D:8)
  A troll (D:8)
  A harpy skeleton (D:7)
  3 hippogriffs
  A centaur simulacrum (D:9)
  A human (D:8)
  6 yaks
  4 hogs (D:8)
  A sky beast (D:5)
  5 ogres
  2 phantoms
  2 centaurs
  4 bullfrogs
  2 wyvern skeletons
  5 scorpions
  4 wights (D:7)
  4 howler monkeys
  2 bullfrog zombies (D:5)
  2 crimson imps
  A quasit (D:7)
  4 jellies
  A centaur skeleton (D:4)
  5 orc priests
  A bullfrog skeleton (D:7)
  3 hounds
  2 iguanas
  2 orc wizards
  3 worker ants
  A killer bee zombie (D:7)
  2 hound skeletons
  A worker ant zombie (D:9)
  2 howler monkey skeletons (D:5)
  14 adders
  4 shadow imps
  2 oozes
  3 adder skeletons
  An adder zombie (D:5)
  2 worms
  2 dart slugs
  5 leopard geckos
  32 orcs
  3 ball pythons
  A bat zombie (D:1)
  6 giant cockroaches
  9 goblins
  8 hobgoblins
  8 jackals
  2 quokkas
  9 bats
  3 frilled lizards
  A jackal skeleton (D:4)
  A jackal zombie (D:1)
  11 kobolds
  A quokka skeleton (D:5)
  6 rats
216 creatures vanquished.

Vanquished Creatures (others)
  An orc warrior (D:7)
1 creature vanquished.

Grand Total: 217 creatures vanquished

Notes
Turn   | Place    | Note
-------+----------+-------------------------------------------
     0 | D:1      | Adamkad1 the Sand Dwarf Earth Elementalist began the quest
                  | for the Orb.
     0 | D:1      | Reached XP level 1. HP: 14/14 MP: 3/3
   156 | D:1      | Reached XP level 2. HP: 7/20 MP: 0/5
   954 | D:1      | Reached skill level 4 in Earth Magic
   954 | D:1      | Reached XP level 3. HP: 22/27 MP: 3/6
  1220 | D:2      | Learned a level 3 spell: Stone Arrow
  1360 | D:2      | Reached skill level 1 in Fighting
  1502 | D:2      | Found a faded altar of an unknown god.
  1571 | D:2      | Reached XP level 4. HP: 27/35 MP: 7/7
  2163 | D:3      | Noticed a bullfrog
  2169 | D:3      | Killed a bullfrog
  2170 | D:3      | Reached XP level 5. HP: 36/41 MP: 0/9
  2231 | D:3      | Learned a level 4 spell: Petrify
  2455 | D:3      | Found a stormy altar of Qazlal.
  2483 | D:3      | Found a blossoming altar of Fedhas.
  2834 | D:3      | Found a bloodstained altar of Trog.
  2899 | D:3      | Reached skill level 5 in Earth Magic
  3344 | D:4      | Reached XP level 6. HP: 24/48 MP: 8/11
  3504 | D:4      | Found a runed translucent gate.
  3504 | D:4      | Found a runed translucent gate.
  3504 | D:4      | Found a runed translucent gate.
  3525 | D:4      | Noticed LostNumber's ghost (amateur DsAc)
  3549 | D:4      | Found an opulent altar of Gozag.
  3882 | D:4      | Found a runed door.
  4592 | D:5      | Entered Level 5 of the Dungeon
  4603 | D:5      | Reached skill level 6 in Earth Magic
  4637 | D:5      | Reached XP level 7. HP: 44/53 MP: 11/13
  4727 | D:5      | Learned a level 5 spell: Lee's Rapid Deconstruction
  5294 | D:5      | Reached skill level 7 in Earth Magic
  5512 | D:5      | Found a staircase to the Ecumenical Temple.
  5518 | D:5      | Reached skill level 5 in Spellcasting
  5521 | Temple   | Entered the Ecumenical Temple
  5680 | D:5      | Reached XP level 8. HP: 61/61 MP: 11/15
  5755 | D:5      | Reached skill level 1 in Armour
  6144 | D:6      | Reached skill level 1 in Long Blades
  6180 | D:6      | Found Tismusif's General Store.
  6223 | D:6      | Reached skill level 8 in Earth Magic
  6317 | D:6      | Found a glowing golden altar of the Shining One.
  6501 | D:6      | Noticed a hippogriff
  6682 | D:6      | Killed a hippogriff
  6683 | D:6      | Reached XP level 9. HP: 56/67 MP: 8/18
  6903 | D:7      | Reached skill level 9 in Earth Magic
  7426 | D:7      | Found a sparkling altar of Nemelex Xobeh.
  7898 | D:7      | Found a white marble altar of Elyvilon.
  7898 | D:7      | Found a shadowy altar of Dithmenos.
  7903 | D:7      | Found a faded altar of an unknown god.
  7922 | D:7      | Found a snail-covered altar of Cheibriados.
  7924 | D:7      | Found a hide-covered altar of Uskayaw.
  8077 | D:8      | Found Deblamn's Magic Scroll Shop.
  8097 | D:8      | Noticed a troll
  8209 | D:8      | Noticed a death yak
  8234 | D:8      | Killed a death yak
  8235 | D:8      | Reached skill level 5 in Armour
  8235 | D:8      | Reached skill level 10 in Earth Magic
  8399 | D:8      | Noticed a death yak
  8418 | D:8      | Noticed a death yak
  8425 | D:7      | Reached XP level 10. HP: 52/73 MP: 14/21
  8831 | D:8      | Found a staircase to the Lair.
  9073 | D:8      | Reached skill level 11 in Earth Magic
  9157 | D:8      | Noticed Maurice
  9163 | D:8      | Killed Maurice
  9866 | D:9      | Found an ornate altar of the Wu Jian Council.
  9869 | D:9      | Found a shimmering blue altar of Sif Muna.
  9870 | D:9      | Found a sacrificial altar of Ru.
 10078 | D:9      | Found a burning altar of Makhleb.
 10080 | D:9      | Found a glowing silver altar of Zin.
 10080 | D:9      | Noticed an angel
 10081 | D:9      | Noticed a cacodemon
 10351 | D:10     | Entered Level 10 of the Dungeon
 10351 | D:10     | Found a staircase to the Orcish Mines.
 10383 | D:10     | Noticed a six-headed hydra
 10391 | D:10     | Reached XP level 11. HP: 58/79 MP: 7/24
 10439 | D:10     | Noticed an ogre mage
 10444 | D:10     | Killed an ogre mage
 10445 | D:10     | Reached skill level 12 in Earth Magic
 10551 | D:10     | Noticed a green ugly thing
 10557 | D:10     | Killed a green ugly thing
 10576 | D:9      | Became a worshipper of Sif Muna the Loreminder
 10655 | D:10     | Noticed a minotaur
 10655 | D:10     | a six-headed hydra changed into a minotaur
 10667 | D:10     | Mangled by a minotaur

Skill      XL: |  1  2  3  4  5  6  7  8  9 10 11 |
---------------+----------------------------------+-----
Earth Magic    | 4 5 6 7 8 10 11 12 | 12.1
Dodging        | 2 3 |  3.2
Fighting       | 1 |  1.9
Spellcasting   | 3 4 5 6 7 9 |  9.3
Armour         | 3 5 6 7 |  7.1
Long Blades    | 2 3 4 |  4.8
Short Blades   | |  0.3
Stealth        | |  1.9
Transmutations | |  0.7

Action                   |  1- 3 |  4- 6 |  7- 9 | 10-12 || total
-------------------------+-------+-------+-------+-------++-------
Melee: Unarmed           |    18 |       |       |       ||    18
       Dagger            |    92 |       |       |       ||    92
       Falchion          |     9 |   138 |   141 |    25 ||   313
 Cast: Sandblast         |    32 |    34 |    51 |    72 ||   189
       Stone Arrow       |       |    12 |    46 |    44 ||   102
Evoke: Wand              |       |       |       |     4 ||     4
  Use: Scroll            |       |       |     1 |     1 ||     2
 Stab: Sleeping          |     1 |     3 |       |       ||     4
  Eat: Chunk             |     6 |    15 |    19 |    10 ||    50
       Ration            |       |     1 |     1 |       ||     2
Armor: Robe              |    24 |    32 |     1 |       ||    57
       Scale mail        |       |       |    75 |    18 ||    93
Dodge: Dodged            |    99 |   143 |   137 |    27 ||   406
Block: Other             |       |       |    26 |    27 ||    53
       Reflection        |       |       |     2 |     1 ||     3
